 Dungeon Crawl Stone Soup version 0.29-a0-982-gaed3a0c8d8 (webtiles) character file.

Game seed: 7828914830257399576

1986 Hubris850 the Ducker (level 9, 0/56 HPs)
             Began as an Octopode Fighter on Aug 1, 2022.
             Slain by a sky beast (5 damage)
             ... on level 8 of the Dungeon.
             The game lasted 00:19:28 (8144 turns).

Hubris850 the Ducker (Octopode Fighter)             Turns: 8144, Time: 00:19:29

Health: 0/56       AC:  1    Str: 15    XL:     9   Next: 21%
Magic:  0/16       EV: 14    Int: 15    God:
Gold:   359        SH:  6    Dex: 11    Spells: 9/17 levels left

rFire   + . .      SeeInvis .   a - +4 dagger (venom)
rCold   . . .      Faith    .   x - +2 buckler
rNeg    + . .      Spirit   +   (helmet restricted)
rPois   .          Reflect  .   e - amulet of guardian spirit
rElec   .          Harm     .   r - ring of protection from fire
rCorr   .          Rampage  .   w - ring of positive energy
Will    .....                   (no ring)
Stlth   +++.......              (no ring)
HPRegen 0.18/turn               (no ring)
MPRegen 0.15/turn               (no ring)
                                (no ring)
                                (no ring)

@: no status effects
A: almost no armour, amphibious, 8 rings, camouflage 1, gelatinous body 1,
(nimble swimmer 1), tentacles
a: no special abilities


You were on level 8 of the Dungeon.
You visited 1 branch of the dungeon, and saw 9 of its levels.

You collected 359 gold pieces.

Inventory:

Hand Weapons
 a - a +4 dagger of venom (weapon)
 b - the +4 sling "Ulonwiw" {flame, Str+5}
   (You found it on level 6 of the Dungeon)

   Any ammunition fired from it burns those it strikes, dealing additional fire
   damage.
   Str:       It affects your strength (+5).
 m - a +1 flail of venom
Missiles
 q - 12 boomerangs (quivered)
 t - 5 poisoned darts
Armour
 x - a +2 buckler (worn)
Jewellery
 e - an amulet of guardian spirit (around mantle)
 r - a ring of protection from fire (left tentacle)
 s - an amulet of faith
 w - a ring of positive energy (right tentacle)
 y - a ring of protection from fire
Wands
 c - a wand of polymorph (8)
Scrolls
 g - 2 scrolls of teleportation {unknown}
 k - a scroll of butterflies {unknown}
 l - a scroll of brand weapon
 A - a scroll of vulnerability {unknown}
 B - a scroll of magic mapping
 D - a scroll of immolation {unknown}
Potions
 d - 2 potions of attraction
 f - 2 potions of mutation {unknown}
 h - a potion of curing {unknown}
 i - a potion of resistance {unknown}
 j - 3 potions of lignification
 n - a potion of haste {unknown}
 o - 2 potions of brilliance {unknown}
 p - 3 potions of cancellation
 u - a potion of magic {unknown}
 v - a potion of might
 C - a potion of heal wounds {unknown}
Miscellaneous
 z - a lightning rod (4/4)


   Skills:
 - Level 3.0 Fighting
 - Level 3.2 Maces & Flails
 - Level 6.2 Dodging
 - Level 4.0 Stealth
 - Level 4.0 Shields
 + Level 4.7 Spellcasting
 + Level 5.2 Summonings
 + Level 4.8 Ice Magic


You had 9 spell levels left.
You knew the following spells:

 Your Spells              Type           Power      Damage    Failure   Level
a - Summon Small Mammal   Summ           76%        N/A       2%          1
b - Frozen Ramparts       Ice            36%        1d11      9%          3
c - Summon Ice Beast      Ice/Summ       18%        N/A       26%         4

Your spell library contained the following spells:

 Spells                   Type           Power      Damage    Failure   Level
 Apportation              Tloc           6%         N/A       22%         1
 Necrotise                Necr           12%        1d4       22%         1
 Sublimation of Blood     Necr           3%         N/A       32%         2
 Wereblood                Tmut           3%         N/A       32%         2
 Ice Form                 Ice/Tmut       10%        N/A       61%         4
 Dispersal                Tloc           1%         N/A       100%        6
 Summon Hydra             Summ           9%         N/A       100%        7
 Disjunction              Tloc           1%         N/A       100%        8


Dungeon Overview and Level Annotations

Branches:
Dungeon (10/15)
 Temple: D:4-7         Lair: D:8-11         Orc: D:9-12

Altars:
Gozag
Kikubaaqudgha
Makhleb
Sif Muna

Shops:
D:2 (


Innate Abilities, Weirdness & Mutations

You cannot wear most types of armour.
You are amphibious.
You can wear up to eight rings at the same time.
Your skin changes colour to match your surroundings (Stealth+).
Your rubbery body absorbs attacks. (AC +1, EV +1)
((You are camouflaged when in or above water. (Stealth+)))
You have tentacles for arms and can constrict up to eight enemies at once.


Message History

A sky beast appears from thin air!
Reactivating autopickup.
The sky beast attacks as you move away! The sky beast misses you.
The sky beast attacks as you move away! The sky beast barely misses you.
A yak comes into view.
Your magical contamination has completely faded away.
The sky beast hits you. The sky beast shocks you.
The nameless horror barely misses you.
A yak comes into view.
Found 16 gold pieces.
The sky beast hits you. The sky beast shocks you.
The nameless horror closely misses you. The nameless horror hits you.
* * * LOW HITPOINT WARNING * * *
You feel your power leaking away.
You hit the sky beast.
The sky beast is poisoned.
The sky beast is lightly wounded.
The sky beast barely misses you.
You closely miss the sky beast. Your squeeze misses the sky beast.
The sky beast is lightly wounded.
The sky beast completely misses you.
You hit the sky beast.
The sky beast looks as sick as possible!
The sky beast is lightly wounded.
The sky beast flickers out of sight!
Deactivating autopickup; reactivate with Ctrl-A.
Something hits you.
* * * LOW HITPOINT WARNING * * *
Something shocks you.
* * * LOW HITPOINT WARNING * * *
You miss something. You block something's attack.
You miss something. Your squeeze misses something. Something hits you.
* * * LOW HITPOINT WARNING * * *
Something shocks you.
* * * LOW HITPOINT WARNING * * *
You barely miss something. Something barely misses you.
You hit something. Your squeeze misses something. Something hits you.
* * * LOW HITPOINT WARNING * * *
Something shocks you.
You die...

###.###......
............. ..
..##..###.... ..
.####.#......# ......$ ##
##.........## #....#... #
##......... ..##. ..#.#..
.##...#...... ... .....#
............## #.# .....#
.###...####..###@###....Y.
## #...# ##....#{##...#
#..####...##.X....#
.###..###...#
##....####.Y##
#..##.##...# #...........#
#..#......# ##...#######..
#........####....#
###....#..?.##..##..#
#....#.........####.#


You could see a nameless horror.

Vanquished Creatures
  A wyvern (D:9)
  A steam dragon (D:9)
  Duvessa (D:4)
  A black bear (D:5)
  An ice beast (D:4)
  An orc warrior (D:8)
  2 centaurs
  A necrophage (D:4)
  5 scorpions
  Dowan (D:4)
  4 killer bees (D:9)
  3 hounds
  A jelly (D:5)
  2 gnoll boudas
  3 iguanas
  2 orc wizards
  Robin (D:3)
  15 gnolls
  8 adders
  3 ufetubi
  2 dart slugs
  2 worms
  15 orcs
  4 ball pythons
  9 endoplasms
  3 giant cockroaches
  11 goblins
  9 hobgoblins
  3 jackals (D:1)
  9 kobolds
  2 quokkas
  4 bats (D:3)
  A frilled lizard (D:3)
  2 rats
133 creatures vanquished.

Vanquished Creatures (collateral kills)
  2 goblins (D:3)
2 creatures vanquished.

Vanquished Creatures (others)
  A bush (D:5)
1 creature vanquished.

Grand Total: 136 creatures vanquished

Notes
Turn   | Place    | Note
-------+----------+-------------------------------------------
     0 | D:1      | Hubris850 the Octopode Fighter began the quest for the Orb.
     0 | D:1      | Reached XP level 1. HP: 16/16 MP: 1/1
   424 | D:1      | Reached XP level 2. HP: 18/21 MP: 2/2
   427 | D:1      | Learned a level 1 spell: Summon Small Mammal
   943 | D:2      | Found Voteamu's Antique Weapon Boutique.
   965 | D:2      | Reached skill level 1 in Stealth
  1233 | D:2      | Reached XP level 3. HP: 26/26 MP: 3/3
  1352 | D:2      | Found a faded altar of an unknown god.
  1747 | D:2      | Reached XP level 4. HP: 25/31 MP: 4/4
  1866 | D:2      | Noticed a scorpion
  1872 | D:2      | Killed a scorpion
  1873 | D:2      | Reached XP level 5. HP: 35/36 MP: 5/5
  3283 | D:3      | Noticed Robin
  3303 | D:3      | Reached skill level 4 in Dodging
  3309 | D:3      | Killed Robin
  3815 | D:4      | Reached XP level 6. HP: 35/42 MP: 6/6
  3973 | D:4      | Noticed Duvessa
  3973 | D:4      | Noticed Dowan
  3982 | D:4      | Killed Duvessa
  3983 | D:4      | Reached skill level 5 in Dodging
  3989 | D:4      | Killed Dowan
  3990 | D:4      | Reached XP level 7. HP: 34/46 MP: 5/7
  4114 | D:4      | Reached skill level 6 in Dodging
  4288 | D:4      | Found a burning altar of Makhleb.
  4288 | D:4      | Found an ancient bone altar of Kikubaaqudgha.
  4797 | D:4      | Reached skill level 1 in Spellcasting
  4797 | D:4      | Reached skill level 1 in Summonings
  4994 | D:4      | Learned a level 3 spell: Frozen Ramparts
  5198 | D:4      | Found a shimmering blue altar of Sif Muna.
  5203 | D:4      | Reached skill level 1 in Ice Magic
  5808 | D:5      | Entered Level 5 of the Dungeon
  5824 | D:5      | Reached XP level 8. HP: 49/52 MP: 11/11
  6245 | D:5      | Found an opulent altar of Gozag.
  7504 | D:6      | Identified the +4 sling "Ulonwiw" {flame, Str+5}
  7625 | D:6      | You fall into a shaft and drop 3 floors!
  7633 | D:10     | Entered Level 10 of the Dungeon
  7680 | D:9      | Noticed a wyvern
  7690 | D:9      | Killed a wyvern
  7715 | D:9      | Learned a level 4 spell: Summon Ice Beast
  7794 | D:9      | Reached XP level 9. HP: 55/56 MP: 13/15
  7837 | D:9      | Reached skill level 5 in Summonings
  8144 | D:8      | Slain by a sky beast

Illustrated notes

Levels and vault maps discovered:
D:1:      sevenhm_arrival_forest_fort_small_4, layout_rooms
D:2:      layout_loops_corners, serial_shops, shop_statue,
          shapermc_ecumenical_altar_notcrosses
D:3:      minmay_angry_zag, layout_basic, uniq_robin
D:4:      layout_loops_corners, mainiacjoe_overflow_small_starburst,
          gammafunk_temple_overflow_elements,
          eino_small_chamber_without_monster, minmay_strange_pillars,
          uniq_duvessa
D:5:      layout_basic, lemuel_tele_altar, serial_rivers,
          chequers_serial_rivers_room_a, chequers_serial_rivers_marsh,
          chequers_serial_rivers_small_3, chequers_serial_rivers_small_b,
          dk_noncrumbling_2, minmay_fountain_box, kb_lookout_dungeons_type,
          serial_park_tiny_1
D:6:      layout_rooms, elyvilon_altar_1, dancing_weapons_uskayaw
D:8:      layout_layer_cave, lair_entry_dummy, st_stairs_7, uniq_erica
D:9:      layout_loops_ring, lemuel_crystal_altar, general_overflow_altar,
          grunt_dithmenos_smoke, grunt_decor_cap
D:10:     layout_basic, brannock_xom_greatest_gift, mainiacjoe_overflow_catwalk,
          minmay_orc_entry_guard_dogs, serial_shops, shop

Skill      XL: |  1  2  3  4  5  6  7  8  9 |
---------------+----------------------------+-----
Stealth        | 1 2 3 4 |  4.0
Maces & Flails | 3 |  3.2
Shields        | 4 |  4.0
Dodging        | 4 5 6 |  6.2
Spellcasting   | 2 4 |  4.7
Summonings     | 2 4 5 |  5.2
Ice Magic      | 1 4 |  4.8
Fighting       | |  3.0

Action                   |  1- 3 |  4- 6 |  7- 9 || total
-------------------------+-------+-------+-------++-------
Melee: Flail             |    40 |    84 |     4 ||   128
       Constrict         |     8 |    20 |    45 ||    73
       Tentacles         |     5 |    15 |    52 ||    72
       Punch             |     1 |       |       ||     1
       Unarmed           |       |     3 |       ||     3
       Dagger            |       |       |   174 ||   174
 Fire: Sling             |       |       |     7 ||     7
Throw: Boomerang         |       |    17 |     2 ||    19
 Cast: Summon Small Mamm |     1 |     2 |     4 ||     7
       Frozen Ramparts   |       |       |     2 ||     2
  Use: Scroll            |       |    10 |     2 ||    12
       Potion            |       |     1 |       ||     1
 Stab: Sleeping          |     4 |    13 |     6 ||    23
Armor: Skin              |       |     6 |     2 ||     8
Dodge: Dodged            |    20 |    45 |   117 ||   182
Block: Buckler           |    15 |    19 |    44 ||    78

Table legend: (Time is in decaauts)
 A = Elapsed time spent in this place.
 B = Non-inter-level travel time spent in this place.
 C = Inter-level travel time spent in this place.
 D = Time resting spent in this place.
 E = Time spent auto-exploring this place.
 F = Levels seen in this place.
 G = Mean time per level.
                   A        B        C        D        E       F      G
               +--------+--------+--------+--------+--------+-----+--------+
         Total |   8193 |   8082 |    111 |   2811 |   3947 |   9 |  910.3 |
       Dungeon |   8193 |   8082 |    111 |   2811 |   3947 |   9 |  910.3 |
               +--------+--------+--------+--------+--------+-----+--------+

Top non-repeatable levels by time:
     D:4: 2004 daAuts
     D:5: 1682 daAuts
     D:2: 1417 daAuts
     D:1: 1228 daAuts
     D:3: 1200 daAuts
     D:8: 297 daAuts
     D:9: 219 daAuts
     D:6: 139 daAuts
    D:10: 3 daAuts
